 Dungeon Crawl Stone Soup version 0.24-a0-654-g80d7c3d (webtiles) character file.

Game seed: 9569303460510719899, levelgen mode: deterministic

2842 Charmandara the Cleaver (level 9, -1/47 HPs)
             Began as a Vine Stalker Fighter on Sept 28, 2019.
             Was an Initiate of Gozag.
             Slain by an orc warrior
             ... wielding a +0 trident
              (11 damage)
             ... on level 8 of the Dungeon.
             The game lasted 00:16:01 (2761 turns).

Charmandara the Cleaver (Vine Stalker Fighter)      Turns: 2761, Time: 00:16:02

Health: -1/47      AC: 10    Str: 23    XL:     9   Next: 74%
Magic:  0/10       EV: 13    Int:  8    God:    Gozag
Gold:   4          SH:  0    Dex: 18    Spells: 8/8 levels left

rFire    . . .     SeeInvis .   r - +1 battleaxe (elec)
rCold    . . .     Gourm    .   (shield currently unavailable)
rNeg     . . .     Faith    .   q - +0 chain mail
rPois    +         Spirit   +   (helmet restricted)
rElec    .         Reflect  .   (no cloak)
rCorr    .         Harm     .   g - +1 pair of gloves
MR       +....                  (no boots)
Stlth    ..........             o - amulet of the acrobat
HPRegen  0.55/turn              (no ring)
MPRegen  0.12/turn              (no ring)

@: agile, flying (expiring), hasted (expiring), very quick
A: antennae 1, fangs 3, poison resistance, regeneration 1, robust 1, magic
shield, antimagic bite, no potion heal 3, rot immunity, sturdy frame 1
a: Potion Petition, Call Merchant, Bribe Branch, Renounce Religion


You were on level 8 of the Dungeon.
You worshipped Gozag.
Gozag was noncommittal.
You were near starving.

You visited 2 branches of the dungeon, and saw 9 of its levels.

You collected 390 gold pieces.
You spent 266 gold pieces at shops.
You paid 120 gold pieces to Gozag.

Inventory:

Hand Weapons
 r - a +1 battleaxe of electrocution (weapon)
   (You acquired it on level 8 of the Dungeon)
Armour
 b - a +0 scale mail
 g - a +1 pair of gloves (worn)
   (You found it on level 1 of the Dungeon)
 p - a +0 plate armour
   (You found it on level 3 of the Dungeon)
 q - a +0 chain mail (worn)
   (You found it on level 3 of the Dungeon)
Jewellery
 j - an uncursed ring of ice {rC+, rF-}
   (You found it on level 1 of the Dungeon)
 o - an amulet of the acrobat (around neck)
   (You found it on level 3 of the Dungeon)
 t - an uncursed amulet of regeneration {+regen, !d}
   (You took it off an orc on level 8 of the Dungeon)
Scrolls
 d - 2 scrolls of identify
 k - 2 scrolls of immolation {!r}
 l - a scroll of remove curse
 v - a scroll of magic mapping {!r}
Potions
 h - 2 potions of brilliance
 i - 2 potions of mutation {!q}
 n - 4 potions of curing
Comestibles
 f - 10 rations


   Skills:
 - Level 2.6 Fighting
 + Level 11.9 Axes
 - Level 2.4 Armour
   Level 2.6 Shields


You had 8 spell levels left.
You didn't know any spells.
Your spell library was empty.

Dungeon Overview and Level Annotations

Branches:
Dungeon (8/15)             Temple (1/1) D:6
   Lair: D:8-11

Altars:
Ashenzari
Cheibriados
Dithmenos
Fedhas
Gozag
Makhleb
Nemelex Xobeh
Okawaru
Qazlal
Ru
Sif Muna
Trog
Uskayaw
Vehumet
Wu Jian
Xom
Yredelemnul
Zin

Shops:
D:7 [

Annotations:
D:8 Maurice


Innate Abilities, Weirdness & Mutations

You have razor-sharp teeth.
Your natural rate of healing is unusually fast.
When hurt, damage is shared between your health and your magic reserves.
Your bite disrupts and absorbs the magic of your enemies.
Potions cannot restore your health.
You are immune to rotting.
You have a pair of small antennae on your head.
Your system is resistant to poisons. (rPois)
You are robust. (+10% HP)
Your movements are slightly less encumbered by armour. (ER -2)


Message History

You now have 0 gold pieces.
You take 3 damage, and have 21/47 hp.
You now have 6/10 mp.
You closely miss something.
The orc warrior hits you from afar with a +0 trident!
Something hits you but does no damage.
You take 6 damage, and have 15/47 hp.
You now have 4/10 mp.
Unknown command.
You miss something. Your bite misses something.
An orc comes into view.
Something hits you.
* * * LOW HITPOINT WARNING * * *
Something grunts, "Curses!"
You hear some strange, mumbled words.
The orc warrior barely misses you.
You take 3 damage, and have 12/47 hp.
You now have 3/10 mp.
Unknown command.
You hear a zap.
A puff of flame appears from out of thin air!
The puff of flame misses you.
A silver javelin appears from out of thin air!
The silver javelin closely misses you.
The orc priest mumbles some strange prayers to Beogh against you.
Beogh smites you!
* * * LOW HITPOINT WARNING * * *
You take 5 damage, and have 8/47 hp.
You now have 1/10 mp.
Okay, then.
Okay, then.
You aren't carrying any items that you can evoke.
Unknown command. [a] - 0 gold - haste, heal wounds and berserk rage [b] - 0 gold - haste, flight and agility [c] - 0 gold - heal wounds, curing and magic Purchase which effect?
You feel yourself speed up.
You feel very buoyant.
You fly up into the air.
You feel agile all of a sudden. The orc warrior barely misses you.
Unknown command.
Unknown command.
You aren't carrying any items that you can evoke.
Unknown command.
The orc priest invokes the aid of Beogh against you.
Beogh smites you!
* * * LOW HITPOINT WARNING * * *
You take 6 damage, and have 9/47 hp.
You now have 1/10 mp.
The orc shouts!
You hear a shout!
An orc warrior comes into view. It is wielding a +0 dagger.
The orc warrior shouts!
You hit the orc.
You kill the orc!
The orc priest looks encouraged for a moment.
You see here 4 gold pieces.
You now have 4 gold pieces.
The orc priest completely misses you.
You hit the orc priest.
Lightning courses through the orc priest!
You kill the orc priest!
You slash the orc!
You kill the orc!
You slice the orc warrior!! Your bite misses the orc warrior.
The orc warrior closely misses you.
You barely miss the orc warrior. You bite the orc warrior. You drain its power.
You feel invigorated.
The orc warrior hits you from afar with a +0 trident!
* * * LOW HITPOINT WARNING * * *
The orc warrior becomes distracted by the nearby gold, dreaming of imaginary riches.
The orc warrior shouts!
You take 12 damage, and have 3/47 hp.
MASSIVE DAMAGE!!
You now have 1/10 mp.
Things that are here:
14 gold pieces; a +0 scale mail; a +0 hand axe of electrocution The orc warrior is no longer distracted by gold.
Maurice casts a spell.
Maurice blinks!
You are starting to lose your buoyancy.
Maurice falters for a moment.
You aren't carrying any items that you can evoke.
Unknown command.
Okay, then.
Throwing (i - inventory)
s - 2 silver javelins (quivered)
Aim: Maurice, wielding a +0 hand axe, wearing a +2 cloak of magic resistance, wearing a +0 shield, wearing an uncursed amulet of faith {Faith, !P} and carrying a wand of flame (26) (severely wounded)
You throw a silver javelin.
The silver javelin pierces through the orc warrior!
The silver javelin closely misses Maurice.
Your extra speed is starting to run out.
Unknown command.
Throwing (i - inventory)
s - a silver javelin (quivered)
Aim: Maurice, wielding a +0 hand axe, wearing a +2 cloak of magic resistance, wearing a +0 shield, wearing an uncursed amulet of faith {Faith, !P} and carrying a wand of flame (26) (severely wounded)
You throw a silver javelin.
The silver javelin pierces through the orc warrior!
The silver javelin barely misses Maurice.
The orc warrior closely misses you.
Maurice mumbles some strange words.
Maurice blinks!
You slash Maurice! Your bite misses Maurice.
The orc warrior hits you from afar with a +0 trident!
You die...
Your body crumbles into a pile of gold.

######.###.##.$...##.#.....#
#..# #.#(......#.#.....#
#.####.#(......#..$....#
#####.###......_...........#
...........#.).....#....)..#
#..........#..ยง....#.#.....#
#....####..##..o{.##.#.....#
#....# #..####.####.#.=...#
#....# #......@@...(#######
#....# #..(..######## #....#
####### #.>..# #....# ######


You could see Maurice and an orc warrior.

Vanquished Creatures
  Pikel (D:6)
  A troll (D:7)
  Sigmund (D:2)
  A steam dragon (D:8)
  A hungry ghost (D:6)
  Menkaure (D:4)
  Duvessa (D:4)
  An ice beast (D:5)
  A phantom (D:4)
  An ogre (D:6)
  A big kobold (D:7)
  4 bullfrogs
  Dowan (D:4)
  2 howler monkeys (D:8)
  2 crimson imps
  2 orc priests
  5 hounds
  2 bullfrog skeletons
  A centaur skeleton (D:4)
  A gnoll shaman (D:5)
  5 orc wizards
  8 worker ants
  A hound skeleton (D:6)
  3 gnolls (D:6)
  7 adders
  An ooze (D:3)
  4 worms
  A dart slug (D:1)
  4 leopard geckos
  11 orcs
  A ball python (D:2)
  4 giant cockroaches
  4 goblins
  3 hobgoblins (D:2)
  7 jackals
  4 quokkas
  4 bats
  9 frilled lizards
  A jackal zombie (D:5)
  7 kobolds
  A leopard gecko skeleton (D:7)
  2 quokka skeletons
  4 rats
127 creatures vanquished.

Notes
Turn   | Place    | Note
-------+----------+-------------------------------------------
     0 | D:1      | Charmandara the Vine Stalker Fighter began the quest for
                  | the Orb.
     0 | D:1      | Reached XP level 1. HP: 11/11 MP: 2/2
    40 | D:1      | Reached skill level 2 in Axes
   120 | D:2      | Reached XP level 2. HP: 8/16 MP: 3/3
   121 | D:2      | Noticed Sigmund
   124 | D:2      | HP: 4/16 [worm (4)]
   131 | D:2      | Killed Sigmund
   131 | D:2      | Reached skill level 5 in Axes
   131 | D:2      | Reached XP level 3. HP: 6/19 MP: 4/4
   131 | D:2      | Gained mutation: Your natural rate of healing is unusually
                  | fast. [Vine Stalker growth]
   131 | D:2      | Reached XP level 4. HP: 7/23 MP: 5/5
   131 | D:2      | Reached XP level 5. HP: 8/27 MP: 6/6
   383 | D:2      | Noticed an ice beast
   476 | D:4      | Noticed Menkaure
   479 | D:4      | Killed Menkaure
   479 | D:4      | Reached skill level 6 in Axes
   479 | D:4      | Reached XP level 6. HP: 32/32 MP: 7/7
   485 | D:4      | Found a radiant altar of Vehumet.
   768 | D:4      | Found an iron altar of Okawaru.
   842 | D:3      | Found a stormy altar of Qazlal.
   973 | D:4      | Noticed a phantom
  1008 | D:4      | Noticed Duvessa
  1008 | D:4      | Noticed Dowan
  1010 | D:4      | Gained mutation: You have a pair of small antennae on your
                  | head. [potion of mutation]
  1010 | D:4      | Gained mutation: You are robust. (+10% HP) [potion of
                  | mutation]
  1010 | D:4      | Gained mutation: Your movements are slightly less
                  | encumbered by armour. (ER -2) [potion of mutation]
  1010 | D:4      | Gained mutation: Your system is resistant to poisons.
                  | (rPois) [potion of mutation]
  1024 | D:4      | Killed Duvessa
  1024 | D:4      | Reached XP level 7. HP: 17/38 MP: 4/8
  1025 | D:4      | Reached skill level 7 in Axes
  1027 | D:4      | HP: 6/38 [Dowan/shard of ice (14)]
  1034 | D:4      | Killed Dowan
  1117 | D:5      | Entered Level 5 of the Dungeon
  1321 | D:5      | Found an ornate altar of the Wu Jian Council.
  1324 | D:5      | Reached skill level 8 in Axes
  1380 | D:5      | Found a bloodstained altar of Trog.
  1486 | D:5      | Gained mutation: You have razor-sharp teeth. [Vine Stalker
                  | growth]
  1486 | D:5      | Reached XP level 8. HP: 42/42 MP: 9/9
  1695 | D:5      | HP: 10/42 [ice beast (6)]
  1698 | D:5      | Reached skill level 9 in Axes
  1701 | D:5      | HP: 10/42 [gnoll shaman/+0 club (3)]
  1812 | D:7      | Noticed a manticore
  1816 | D:7      | HP: 3/42 [manticore (16)]
  1876 | D:6      | Found a staircase to the Ecumenical Temple.
  1882 | Temple   | Entered the Ecumenical Temple
  1929 | Temple   | Became a worshipper of Gozag Ym Sagoz the Greedy
  2079 | D:6      | Found a shattered altar of Ashenzari.
  2083 | D:6      | Noticed Pikel
  2093 | D:6      | Killed Pikel
  2093 | D:6      | Reached skill level 10 in Axes
  2093 | D:6      | Reached XP level 9. HP: 40/47 MP: 10/10
  2178 | D:7      | Noticed a troll
  2277 | D:7      | Found a shattered altar of Ashenzari.
  2286 | D:7      | Found a sacrificial altar of Ru.
  2326 | D:7      | Reached skill level 11 in Axes
  2338 | D:7      | Killed a troll
  2423 | D:7      | Found Waujin's Antique Armour Boutique.
  2446 | D:7      | Bought an ancient chain mail for 266 gold pieces
  2456 | D:7      | Identified the +1 chain mail of the Cast Vote {+Inv Str-4
                  | Slay-6 Stlth+} (You bought it in a shop on level 7 of the
                  | Dungeon)
  2570 | D:8      | Found a shimmering altar of Xom.
  2618 | D:8      | Identified a scroll of acquirement
  2665 | D:8      | Found a shadowy altar of Dithmenos.
  2685 | D:8      | Noticed Maurice
  2706 | D:8      | HP: 7/47 [orc priest/divine providence (6)]
  2725 | D:8      | HP: 9/47 [orc priest/divine providence (6)]
  2742 | D:8      | HP: 3/47 [orc warrior/+0 trident (13)]
  2761 | D:8      | Slain by an orc warrior

Levels and vault maps discovered:
D:1:      minmay_arrival_checkered_box, layout_basic, minmay_statues_item
D:2:      layout_rooms, chequers_temple_overflow_statue_of_worship,
          first_ration, minmay_indecisive_spiral, uniq_terence, uniq_sigmund
D:3:      layout_basic, overflow_temple_1_default, kennysheep_generic_room_9
D:4:      layout_loops_ring, okawaru_ov_weapons_minmay,
          overflow_temple_1_default, serial_shops, shop_statue, uniq_menkaure,
          uniq_duvessa
D:5:      layout_basic, old_standard_altar, lemuel_doored_altar
D:6:      layout_cave_pools, minmay_temple_entry_hall, minmay_misc_feat_room,
          nicolae_ashenzari_panopticon, uniq_pikel
D:7:      layout_basic, nicolae_ru_awakened_eye, lemuel_crystal_altar,
          serial_shops, shop_coins
D:8:      layout_rooms, old_standard_altar, nicolae_overflow_crystal_walls,
          serial_shops, shop, grunt_pizzeria, uniq_grum, uniq_harold,
          uniq_maurice
Temple:   jpeg_temple_island

Skill      XL: |  1  2  3  4  5  6  7  8  9 |
---------------+----------------------------+-----
Axes           | 2 5 6 8 10 11 | 11.9
Fighting       | |  2.6
Armour         | |  2.4
Shields        | |  2.6

Action                   |  1- 3 |  4- 6 |  7- 9 || total
-------------------------+-------+-------+-------++-------
Melee: War axe           |    22 |   101 |   223 ||   346
       Bite              |     4 |    24 |    66 ||    94
       Battleaxe         |       |       |    24 ||    24
Throw: Javelin           |       |       |     7 ||     7
Invok: Potion Petition   |       |       |     1 ||     1
  Use: Scroll            |     1 |     6 |     6 ||    13
       Potion            |     1 |     2 |     1 ||     4
 Stab: Invisible         |       |       |     1 ||     1
  Eat: Chunk             |       |       |     4 ||     4
       Ration            |       |       |     1 ||     1
Armor: Scale mail        |    10 |    44 |    72 ||   126
       Chain mail        |       |       |    21 ||    21
Dodge: Dodged            |     9 |    41 |    80 ||   130
Block: Shield            |    17 |    49 |   118 ||   184

Table legend:
 A = Non-vault XP
 B = Vault XP
 C = Vault XP percentage of total XP
 D = Non-vault monster count
 E = Vault monster count
 F = Vault count percentage of total count
                 A         B        C        D         E       F
            +---------+---------+-------+---------+---------+-------
      Total |    2855 |    1206 |  29.7 |     121 |       6 |   4.7
            +---------+---------+-------+---------+---------+-------
        D:1 |      14 |       0 |   0.0 |       9 |       0 |   0.0
        D:2 |      42 |     212 |  83.5 |      15 |       1 |   6.2
        D:3 |      74 |       1 |   1.3 |      18 |       1 |   5.3
        D:4 |     335 |     352 |  51.2 |      12 |       3 |  20.0
        D:5 |     434 |       0 |   0.0 |      17 |       0 |   0.0
        D:6 |     854 |     641 |  42.9 |      26 |       1 |   3.7
        D:7 |     486 |       0 |   0.0 |       9 |       0 |   0.0
        D:8 |     616 |       0 |   0.0 |      15 |       0 |   0.0
            +---------+---------+-------+---------+---------+-------

Levels and vault maps discovered:
D:1:      minmay_arrival_checkered_box, layout_basic, minmay_statues_item
D:2:      layout_rooms, chequers_temple_overflow_statue_of_worship,
          first_ration, minmay_indecisive_spiral, uniq_terence, uniq_sigmund
D:3:      layout_basic, overflow_temple_1_default, kennysheep_generic_room_9
D:4:      layout_loops_ring, okawaru_ov_weapons_minmay,
          overflow_temple_1_default, serial_shops, shop_statue, uniq_menkaure,
          uniq_duvessa
D:5:      layout_basic, old_standard_altar, lemuel_doored_altar
D:6:      layout_cave_pools, minmay_temple_entry_hall, minmay_misc_feat_room,
          nicolae_ashenzari_panopticon, uniq_pikel
D:7:      layout_basic, nicolae_ru_awakened_eye, lemuel_crystal_altar,
          serial_shops, shop_coins
D:8:      layout_rooms, old_standard_altar, nicolae_overflow_crystal_walls,
          serial_shops, shop, grunt_pizzeria, uniq_grum, uniq_harold,
          uniq_maurice
Temple:   jpeg_temple_island

Table legend:
 A = Turns spent in this place as a percentage of turns spent in the entire game.
 B = Non-inter-level travel turns spent in this place as a percentage of non-inter-level travel turns spent in the entire game.
 C = Inter-level travel turns spent in this place as a percentage of turns spent in this place.
 D = Turns resting spent in this place as a percentage of non-inter-level travel turns spent in this place.
 E = Turns spent auto-exploring this place as a percentage of non-inter-level travel turns spent in this place.
 F = Non-inter-level travel turns spent in this place divided by the number of levels of this place that you've seen.
                   A       B       C       D       E      F
               +-------+-------+-------+-------+-------+----------------------
         Total | 100.0 | 100.0 |   5.5 |   0.0 |   0.0 | 290.0
       Dungeon |  97.0 |  98.1 |   4.4 |   0.0 |   0.0 | 320.1
        Temple |   3.0 |   1.9 |  41.0 |   0.0 |   0.0 |  49.0
               +-------+-------+-------+-------+-------+----------------------

Table legend:
 A = Kills in this place as a percentage of kills in entire the game.
 B = Kills by you in this place as a percentage of kills by you in the entire game.
 C = Kills by friends in this place as a percentage of kills by friends in the entire game.
 D = Other kills in this place as a percentage of other kills in the entire game.
 E = Experience gained in this place as a percentage of experience gained in the entire game.
 F = Experience gained in this place divided by the number of levels of this place that you have seen.
                   A       B       C       D       E      F
               +-------+-------+-------+-------+-------+----------------------
         Total | 100.0 | 100.0 |   N/A |   N/A | 100.0 | 451.2
       Dungeon | 100.0 | 100.0 |   N/A |   N/A | 100.0 | 507.6
               +-------+-------+-------+-------+-------+----------------------
